Map: Deathaura LE

Players

BlyOnFire (Bly) - Winner!

  • Race: Zerg Zerg
  • Spawn Location: 11:00

GOStephano (Stephano)

  • Race: Zerg Zerg
  • League: Grandmaster
  • Spawn Location: 5:00

Event: DreamHack SC2 Masters 2020 Fall

VOD

Have the link to the VOD?

Description

Time

  • Played on: Aug. 29, 2020, 11:59 a.m.
  • Length: 17:35

All games in this series

Show
View Real Time Build Order
Export as new Build Order

BlyOnFire Zerg - Winner!

Build Orders: Hatch First, Muta Ling Bane 

Get SALT Encoding   

  12  0:00  Drone  
  13  0:12  Overlord  
  13  0:16  Drone  
  14  0:32  Drone x2  
  16  0:47  Hatchery  
  15  0:51  Drone  
  15  0:56  Drone  
  17  0:58  Drone  
  18  1:10  Extractor  
  17  1:13  Spawning Pool  
  17  1:16  Drone  
  17  1:21  Drone  
  18  1:28  Drone  
  19  1:39  Drone  
  20  1:50  Overlord  
  20  2:00  Queen x2  
  24  2:09  Drone x2  
  24  2:10  Drone  
  24  2:11  Drone  
  28  2:22  Zergling x4  
  30  2:32  Drone, Overlord  
  30  2:36  Queen  
  33  2:50  Evolution Chamber  
  32  2:54  Drone x2  
  32  2:55  Lair  
  34  2:59  Drone x2  
  34  3:03  Metabolic Boost  
  36  3:06  Extractor  
  36  3:11  Roach Warren  
  34  3:17  Drone x5  
  34  3:18  Drone  
  40  3:27  Zerg Melee Weapons Level 1  
  40  3:31  Drone x3  
  43  3:39  Drone  
  44  3:43  Extractor  
  44  3:47  Drone  
  44  3:55  Drone  
  43  3:56  Overlord x2  
  43  3:57  Extractor  
  43  4:02  Roach  
  44  4:09  Overlord x2  
  44  4:15  Drone x2  
  44  4:16  Drone  
  47  4:21  Drone x4  
  51  4:24  Spire  
  54  4:31  Roach x2  
  54  4:34  Roach  
  56  4:46  Overlord  
  56  4:47  Drone x2  
  58  5:03  Overlord  
  58  5:04  Zergling x12  
  58  5:06  Hatchery  
  63  5:15  Overlord  
  63  5:37  Mutalisk  
  63  5:38  Mutalisk x6  
  77  5:45  Drone x2  
  79  5:52  Zerg Flyer Weapons Level 1  
  77  6:00  Extractor  
  77  6:01  Extractor, Mutalisk x2  
  77  6:03  Overseer  
  79  6:12  Mutalisk  
  79  6:15  Drone x5  
  86  6:26  Evolution Chamber  
  86  6:27  Zergling x16  
  92  6:39  Overlord x3  
  86  6:51  Drone x8  
  89  6:59  Mutalisk  
  89  7:00  Mutalisk x2  
  91  7:07  Zerg Melee Weapons Level 2  
  89  7:09  Baneling Nest  
  89  7:13  Mutalisk x2  
  92  7:15  Drone  
  92  7:16  Drone x2  
  92  7:17  Hatchery  
  94  7:27  Overlord  
  93  7:31  Overlord  
  93  7:40  Drone x4  
  95  7:48  Mutalisk x5  
  105  7:54  Zergling x12  
  105  7:58  Centrifical Hooks  
  111  8:07  Drone x7  
  118  8:18  Mutalisk x4  
  126  8:20  Overlord  
  126  8:22  Extractor  
  126  8:25  Extractor  
  124  8:36  Baneling x11  
  124  8:37  Baneling  
  124  8:40  Drone x3  
  124  8:41  Drone x3  
  130  8:47  Zerg Flyer Weapons Level 2  
  130  8:48  Overlord  
  130  8:51  Overlord  
  130  8:55  Overlord  
  127  9:00  Mutalisk x2  
  127  9:02  Zergling x14  
  131  9:11  Hatchery  
  130  9:26  Mutalisk x5  
  140  9:34  Overseer  
  140  9:35  Overseer  
  140  9:36  Overseer  
  140  9:38  Zergling x28  
  154  9:39  Overlord  
  154  9:40  Pneumatized Carapace  
  154  9:41  Overseer  
  154  9:52  Baneling x13  
  152  10:09  Zergling x18  
  152  10:10  Zergling x16  
  147  10:23  Mutalisk x5  
  152  10:31  Mutalisk x3  
  152  10:33  Overlord  
  158  10:36  Drone x4  
  162  10:46  Baneling x15  
  162  10:56  Unknown  
  159  11:00  Mutalisk x3  
  159  11:02  Overlord  
  163  11:06  Drone  
  163  11:07  Drone x5, Unknown  
  163  11:09  Overlord  
  163  11:10  Infestation Pit  
  167  11:13  Baneling x5  
  167  11:14  Baneling x3  
  167  11:18  Overlord  
  150  11:44  Zergling x34  
  163  11:48  Hive  
  163  11:50  Zerg Ground Armor Level 1  
  163  11:54  Mutalisk x7  
  177  12:09  Zergling x12  
  177  12:13  Zerg Flyer Armor Level 1  
  183  12:18  Baneling x12  
  183  12:20  Baneling x19  
  181  12:42  Overlord  
  179  12:46  Zergling x28  
  179  12:47  Overlord  
  184  12:56  Zergling x20  
  184  12:57  Overlord  
  178  13:03  Ultralisk Cavern  
  167  13:15  Overseer x2  
  167  13:17  Adrenal Glands  
  167  13:24  Zergling x20  
  167  13:25  Zergling x12  
  183  13:33  Baneling x3  
  183  13:34  Baneling x19  
  183  13:40  Zergling x20  
  193  13:50  Zerg Melee Weapons Level 3  
  193  13:51  Overlord  
  158  14:14  Ultralisk x4  
  158  14:16  Chitinous Plating  
  178  14:18  Viper x2  
  178  14:22  Baneling x2  
  178  14:23  Baneling x4  
  183  14:35  Drone x8  
  187  14:58  Baneling x9  
  186  15:03  Viper x2  
  187  15:23  Baneling x16  
  185  15:37  Overseer  
  185  15:39  Zergling x28  
  185  15:40  Overlord  
  196  15:47  Overseer  
  191  16:00  Overseer x2  
  191  16:01  Overseer x2  
  191  16:03  Overlord  
  191  16:07  Baneling x18  
  191  16:08  Baneling x4  
  191  16:09  Anabolic Synthesis  
  169  16:19  Ultralisk x5  
  193  16:40  Zergling x12  
Show
View Real Time Build Order
Export as new Build Order

GOStephano Zerg 

Build Orders: Hatch First, Roach Hydra 

Get SALT Encoding   

  12  0:00  Drone  
  13  0:12  Overlord  
  13  0:17  Drone  
  14  0:30  Drone x2  
  16  0:47  Hatchery  
  15  0:50  Drone  
  15  0:54  Drone  
  17  0:57  Drone  
  18  1:08  Extractor  
  17  1:12  Spawning Pool  
  17  1:15  Drone  
  17  1:19  Drone  
  18  1:27  Drone  
  19  1:38  Drone  
  20  1:52  Drone  
  21  1:59  Queen x2  
  21  2:00  Zergling x2  
  26  2:05  Drone  
  27  2:10  Drone, Overlord  
  27  2:13  Metabolic Boost  
  28  2:28  Hatchery  
  28  2:29  Drone  
  28  2:31  Drone  
  28  2:33  Drone  
  30  2:40  Queen  
  32  2:48  Evolution Chamber  
  32  2:49  Overlord  
  31  2:51  Drone  
  31  2:55  Drone  
  33  2:59  Drone  
  33  3:00  Drone  
  35  3:07  Drone, Overlord  
  36  3:13  Drone x3  
  39  3:21  Zergling x4  
  39  3:25  Drone  
  42  3:27  Drone  
  42  3:32  Roach Warren  
  42  3:34  Zerg Ground Armor Level 1  
  42  3:35  Drone  
  42  3:38  Drone  
  42  3:39  Drone  
  45  3:42  Drone  
  45  3:43  Drone  
  47  3:49  Overlord  
  47  3:51  Drone x2  
  47  3:53  Drone x2  
  51  3:56  Zergling x2  
  51  3:57  Extractor x2  
  51  4:01  Zergling x2  
  51  4:02  Zergling x2  
  52  4:06  Overlord  
  52  4:15  Drone x3  
  54  4:17  Lair  
  54  4:20  Zergling x10  
  59  4:26  Overlord  
  59  4:27  Drone x2  
  61  4:37  Roach x5  
  70  4:48  Roach x4  
  78  4:57  Drone x3  
  81  5:04  Overlord  
  81  5:06  Overlord  
  81  5:10  Overlord  
  81  5:12  Overlord  
  81  5:16  Overlord  
  81  5:19  Overseer  
  81  5:21  Overlord  
  81  5:22  Queen x2  
  81  5:25  Drone x5  
  81  5:26  Drone  
  91  5:29  Glial Reconstitution  
  91  5:31  Zerg Missile Weapons Level 1  
  90  5:38  Queen  
  89  5:46  Roach x4  
  89  5:47  Roach x2  
  101  5:53  Evolution Chamber  
  101  5:54  Drone x2  
  101  5:56  Extractor  
  101  5:57  Extractor, Zergling x6  
  101  5:59  Queen  
  105  6:07  Drone x3  
  105  6:10  Spore Crawler  
  107  6:12  Drone x3  
  107  6:17  Spore Crawler  
  109  6:19  Drone x2  
  109  6:22  Drone x2  
  109  6:23  Drone, Zerg Ground Armor Level 2  
  114  6:32  Overlord  
  112  6:33  Overlord  
  112  6:34  Drone  
  112  6:36  Overlord  
  112  6:38  Overlord  
  106  6:42  Drone x5, Hydralisk Den  
  106  6:44  Drone x2  
  102  6:57  Queen x2  
  97  7:01  Roach x2  
  97  7:02  Roach x4  
  97  7:06  Spore Crawler  
  97  7:07  Spore Crawler x2  
  104  7:12  Spore Crawler  
  104  7:13  Extractor  
  93  7:16  Spore Crawler  
  93  7:17  Muscular Augments  
  93  7:18  Hydralisk  
  93  7:19  Hydralisk  
  96  7:23  Hydralisk x2  
  96  7:28  Hydralisk x2  
  104  7:38  Hydralisk x3  
  110  7:48  Hydralisk x2  
  110  7:50  Overlord  
  112  7:52  Drone  
  112  7:56  Evolution Chamber x2  
  112  7:58  Drone x2  
  113  7:59  Drone  
  113  8:00  Drone x2, Spore Crawler  
  113  8:05  Hydralisk x4  
  115  8:11  Zerg Missile Weapons Level 2  
  115  8:12  Queen  
  123  8:17  Hydralisk x2  
  127  8:28  Grooved Spines  
  127  8:31  Hydralisk x5  
  135  8:34  Extractor  
  135  8:40  Overlord  
  134  8:43  Drone, Infestation Pit  
  134  8:44  Drone x3  
  134  8:46  Overlord  
  137  8:53  Hydralisk x3  
  136  9:04  Spore Crawler  
  135  9:11  Roach x11  
  157  9:21  Spore Crawler  
  157  9:24  Spore Crawler  
  155  9:25  Pathogen Glands  
  155  9:29  Extractor  
  154  9:38  Overlord x2  
  154  9:40  Hydralisk  
  156  9:53  Infestor  
  156  9:54  Infestor  
  158  10:09  Hatchery  
  158  10:10  Spore Crawler  
  154  10:20  Hydralisk  
  154  10:21  Hydralisk x6  
  143  10:35  Infestor  
  143  10:36  Spore Crawler  
  143  10:37  Spore Crawler  
  143  10:38  Spore Crawler  
  143  10:42  Drone  
  143  10:49  Roach x6  
  155  10:52  Hatchery  
  150  10:59  Spore Crawler  
  150  11:02  Roach x8  
  160  11:10  Extractor  
  159  11:15  Drone x4, Lurker Den  
  159  11:17  Overseer  
  160  11:27  Extractor  
  159  11:35  Hydralisk x4  
  133  11:43  Hydralisk x2  
  133  11:45  Overlord  
  130  11:52  Queen  
  134  11:57  Drone x2  
  134  12:01  Hive, Hatchery  
  133  12:14  Hydralisk x3  
  139  12:17  Lurker  
  139  12:18  Drone x2  
  139  12:19  Drone  
  139  12:20  Spore Crawler  
  142  12:24  Spore Crawler x2  
  142  12:29  Spore Crawler x3  
  137  12:36  Hydralisk  
  137  12:37  Hydralisk x6  
  143  12:53  Hydralisk x5  
  136  13:03  Drone x4  
  140  13:10  Spore Crawler  
  140  13:12  Spore Crawler  
  139  13:15  Hatchery  
  139  13:16  Seismic Spines  
  139  13:19  Drone x2  
  140  13:25  Zerg Missile Weapons Level 3  
  140  13:26  Drone x2  
  142  13:29  Extractor  
  142  13:31  Lurker  
  142  13:42  Lurker, Hydralisk  
  142  13:43  Hydralisk x2  
  142  13:45  Drone x7  
  137  14:10  Hydralisk x3  
  137  14:11  Evolution Chamber, Hydralisk x3  
  148  14:29  Hatchery  
  143  14:47  Zerg Ground Armor Level 3  
  143  14:49  Drone x2  
  138  15:05  Evolution Chamber  
  137  15:08  Hatchery  
  136  15:27  Evolution Chamber  
  135  15:33  Hatchery  
  135  15:34  Lurker x2  
  135  15:35  Lurker  
  137  15:44  Spore Crawler  
  137  15:45  Spore Crawler  
  135  15:52  Evolution Chamber, Roach x11  
  153  16:04  Queen  
  155  16:23  Adaptive Talons  
  155  16:25  Lurker x3  
  155  16:48  Drone  
  155  16:49  Drone x3, Extractor  
  155  16:51  Extractor  
  155  16:52  Lurker x3  
  158  17:16  Roach x6  

Tags
 
Add a new tag
Caveats
  • Supply blocks, unpowered buildings, or Contaminate may cause inaccurate times.
  • Supply counts are checked every 10 seconds.